Map: [ESL] Berlingrad

Players

Solar

  • Race: Zerg Zerg

Dream - Winner!

  • Race: Terran Terran

Event: IEM Katowice 2022

VOD

Have the link to the VOD?

Description

Time

  • Played on: Feb. 24, 2022, 7:42 a.m.
  • Length: 13:08

All games in this series

Show
View Real Time Build Order
Export as new Build Order

Solar Zerg 

Build Orders: Pool First, Lurkers 

Get SALT Encoding   

  12  0:00  Drone  
  13  0:13  Overlord  
  13  0:16  Drone  
  14  0:32  Drone x2  
  16  0:36  Drone  
  16  0:38  Extractor  
  16  0:46  Spawning Pool  
  16  0:49  Drone  
  16  0:58  Drone  
  17  1:10  Drone  
  18  1:19  Hatchery  
  17  1:32  Zergling x4  
  19  1:38  Queen  
  21  1:45  Metabolic Boost  
  21  1:48  Zergling x2  
  22  1:54  Overlord  
  22  2:12  Drone x2  
  22  2:14  Queen  
  26  2:22  Drone  
  27  2:31  Drone  
  27  2:33  Drone  
  29  2:42  Drone  
  29  2:44  Hatchery  
  29  2:48  Drone x2  
  31  2:55  Queen  
  33  2:59  Overlord  
  33  3:02  Drone  
  33  3:06  Drone x2  
  33  3:10  Drone  
  33  3:12  Drone  
  36  3:19  Drone  
  37  3:22  Drone x2  
  37  3:24  Queen  
  37  3:26  Drone  
  42  3:31  Overlord  
  42  3:32  Drone  
  42  3:35  Drone  
  42  3:39  Drone  
  44  3:44  Overlord  
  44  3:51  Zergling x2  
  44  3:52  Zergling x2  
  44  3:53  Drone x2  
  48  3:56  Queen  
  48  3:57  Drone  
  48  4:00  Queen  
  53  4:03  Overlord  
  53  4:04  Zergling x2  
  53  4:05  Drone  
  53  4:06  Drone  
  53  4:07  Drone  
  53  4:09  Zergling x2  
  58  4:13  Drone x2  
  60  4:18  Overlord  
  60  4:22  Drone  
  60  4:23  Drone  
  62  4:28  Roach Warren  
  62  4:29  Lair  
  62  4:30  Drone  
  62  4:34  Zergling x4  
  62  4:35  Drone x2  
  62  4:37  Extractor  
  62  4:38  Drone x2, Extractor  
  66  4:41  Drone x2  
  67  4:47  Overlord  
  67  4:48  Drone x2  
  67  4:49  Drone, Spore Crawler  
  67  4:52  Drone x2  
  71  4:54  Drone  
  71  4:59  Drone x2  
  74  5:04  Spore Crawler  
  74  5:06  Evolution Chamber  
  72  5:08  Drone x3, Evolution Chamber  
  74  5:15  Drone x3, Extractor  
  74  5:16  Overlord  
  74  5:17  Drone x3  
  74  5:19  Overlord  
  79  5:21  Overlord  
  79  5:23  Drone  
  79  5:24  Drone, Extractor  
  79  5:25  Extractor  
  79  5:26  Roach  
  79  5:27  Overseer  
  79  5:28  Glial Reconstitution  
  80  5:31  Drone  
  80  5:32  Overlord  
  80  5:34  Overlord  
  81  5:41  Zerg Missile Weapons Level 1, Zerg Ground Armor Level 1  
  81  5:43  Overlord  
  81  5:46  Roach x2  
  85  5:50  Roach x2  
  85  5:53  Roach  
  85  5:55  Roach  
  93  5:58  Roach x2  
  93  6:01  Roach x2  
  93  6:03  Roach  
  103  6:06  Roach x2  
  103  6:08  Roach  
  103  6:09  Ravager  
  110  6:12  Overlord x2  
  110  6:16  Ravager  
  110  6:17  Overlord  
  111  6:20  Ravager  
  111  6:21  Overlord  
  111  6:24  Overlord  
  112  6:26  Overlord  
  112  6:29  Overlord  
  112  6:31  Drone, Ravager  
  112  6:32  Drone x2, Roach  
  118  6:33  Roach  
  118  6:35  Roach  
  118  6:37  Roach  
  124  6:40  Ravager  
  124  6:41  Overseer  
  124  6:42  Roach x2  
  124  6:43  Drone  
  130  6:53  Drone, Infestation Pit  
  129  6:55  Roach  
  129  6:58  Hatchery, Roach x2  
  129  7:01  Ravager  
  135  7:02  Roach x2  
  135  7:07  Roach x2  
  142  7:13  Roach x2  
  142  7:14  Roach  
  144  7:21  Roach x2  
  138  7:23  Ravager x2  
  138  7:29  Zergling x8  
  134  7:36  Roach Warren  
  122  7:42  Drone x5  
  125  7:44  Drone  
  125  7:45  Drone  
  125  7:48  Drone  
  125  7:49  Drone  
  129  7:52  Drone  
  106  8:04  Zergling x8  
  97  8:16  Roach x4  
  97  8:17  Roach x3  
  97  8:19  Roach  
  113  8:20  Ravager x4  
  113  8:21  Ravager x3  
  113  8:24  Roach  
  113  8:25  Roach  
  124  8:27  Roach  
  124  8:29  Roach  
  127  8:36  Drone x2  
  127  8:39  Drone  
  127  8:41  Zerg Missile Weapons Level 2  
  130  8:42  Drone x3  
  130  8:44  Drone  
  130  8:45  Drone  
  130  8:47  Roach  
  137  8:51  Roach x2  
  137  8:56  Hive  
  137  8:57  Drone  
  137  8:58  Drone  
  137  9:07  Hatchery  
  136  9:10  Drone x2  
  136  9:11  Ravager  
  136  9:13  Roach  
  141  9:17  Overlord  
  141  9:19  Roach x2  
  141  9:23  Roach x2  
  149  9:26  Overlord  
  149  9:28  Roach x2  
  153  9:32  Hydralisk Den  
  153  9:33  Roach x2  
  153  9:37  Overlord  
  156  9:40  Roach  
  156  9:41  Drone  
  156  9:43  Overseer  
  156  9:44  Zergling x4  
  161  9:49  Evolution Chamber  
  161  9:52  Drone  
  161  9:54  Drone  
  161  9:56  Roach x2  
  166  10:02  Roach x7  
  166  10:03  Ravager x2  
  166  10:05  Ravager  
  178  10:09  Viper x2  
  184  10:17  Extractor  
  184  10:18  Drone, Extractor  
  184  10:19  Lurker Den  
  182  10:21  Drone  
  182  10:22  Drone x2  
  182  10:25  Zergling x16  
  182  10:28  Drone  
  189  10:36  Drone  
  189  10:38  Drone  
  189  10:41  Drone  
  187  10:50  Hatchery, Overlord  
  187  10:54  Overlord  
  187  10:56  Overlord  
  184  10:59  Hydralisk  
  179  11:06  Hydralisk x4  
  185  11:18  Spore Crawler  
  184  11:19  Queen  
  184  11:22  Seismic Spines  
  186  11:30  Drone  
  187  11:33  Overseer  
  187  11:46  Nydus Network, Hatchery, Lurker x2  
  187  11:47  Lurker x2  
  189  11:48  Zergling x8  
  189  11:51  Lurker  
  189  11:52  Zergling x2  
  194  11:56  Zergling x6  
  197  12:05  Zergling x12  
  199  12:20  Hydralisk x4  
  182  12:24  Hydralisk x3  
  182  12:29  Hydralisk x2  
  168  12:33  Roach x3  
  158  12:38  Roach x2  
  158  12:39  Roach  
  158  12:42  Hydralisk x3, Roach x2  
  128  12:50  Zergling x4  
  110  12:52  Lurker x4  
Show
View Real Time Build Order
Export as new Build Order

Dream Terran - Winner!

Build Orders: Reaper Expand 

Get SALT Encoding   

  12  0:00  SCV  
  13  0:12  SCV  
  14  0:16  Supply Depot  
  14  0:24  SCV  
  15  0:38  SCV  
  15  0:40  Barracks  
  15  0:42  Refinery  
  16  0:50  SCV  
  17  1:02  SCV  
  18  1:14  SCV  
  19  1:26  Reaper, Orbital Command  
  20  1:37  Command Center  
  20  1:46  Supply Depot  
  20  1:52  SCV  
  21  1:58  Marine  
  22  2:02  Factory  
  22  2:04  SCV  
  23  2:12  Refinery  
  23  2:16  SCV, Marine  
  25  2:28  SCV  
  26  2:35  Barracks Reactor  
  26  2:40  SCV  
  27  2:46  Factory Tech Lab  
  27  2:50  Bunker, Orbital Command  
  27  2:53  SCV  
  27  2:56  Starport  
  28  3:05  SCV  
  28  3:16  SCV  
  28  3:17  SCV  
  28  3:18  Hellion x2, Marine  
  35  3:21  Stimpack  
  34  3:28  SCV  
  34  3:29  SCV  
  36  3:36  Viking, Marine  
  36  3:39  Hellion  
  36  3:40  Supply Depot  
  36  3:41  SCV x2  
  43  3:45  Hellion  
  45  3:53  SCV  
  46  4:00  Barracks  
  46  4:02  SCV  
  47  4:04  Marine  
  47  4:06  Starport Reactor  
  47  4:08  SCV, Barracks  
  49  4:13  Supply Depot  
  49  4:14  SCV  
  49  4:16  Factory Tech Lab  
  50  4:21  SCV  
  50  4:22  Refinery, Marine, Engineering Bay  
  52  4:26  SCV  
  53  4:36  Supply Depot, SCV  
  53  4:37  Siege Tank  
  58  4:38  SCV  
  58  4:40  Marine  
  59  4:49  Barracks, Starport Reactor  
  59  4:50  Barracks, Terran Infantry Weapons Level 1  
  59  4:53  SCV x2  
  59  4:56  Marine  
  59  4:58  Marine  
  59  4:59  Supply Depot  
  63  5:01  Marine x2  
  63  5:03  Marine  
  66  5:08  Supply Depot  
  66  5:14  Marine, Siege Tank  
  66  5:18  Supply Depot  
  66  5:21  Marine  
  71  5:23  Combat Shield  
  71  5:24  Marine x2  
  71  5:25  Marine  
  74  5:30  Refinery  
  74  5:34  Medivac  
  74  5:35  Medivac  
  78  5:40  Supply Depot, Marine  
  78  5:41  Marine x2  
  81  5:43  Marine  
  81  5:48  Siege Tank  
  85  5:53  Supply Depot, Marine x2  
  87  5:59  Marine  
  87  6:00  Marine  
  87  6:03  Supply Depot  
  89  6:08  Medivac x2  
  93  6:11  Marine  
  93  6:12  Marine x3  
  93  6:14  Marine  
  98  6:20  Marine  
  98  6:23  Supply Depot, Siege Tank  
  102  6:26  SCV x2  
  104  6:38  SCV  
  104  6:39  SCV  
  106  6:40  Barracks Tech Lab x2  
  108  6:47  Marauder, Marine  
  108  6:48  Marine x3  
  108  6:50  SCV  
  113  6:54  Supply Depot  
  113  6:55  Siege Tank  
  113  6:58  Terran Infantry Armor Level 1  
  116  7:03  Marauder  
  116  7:04  Marauder  
  116  7:05  Marine  
  116  7:06  Marine x2  
  122  7:17  Marauder  
  122  7:19  Marine  
  119  7:23  Marine  
  119  7:24  Marine x2  
  119  7:25  Marauder  
  119  7:27  SCV x2, Siege Tank  
  115  7:44  Marauder x2  
  112  7:46  Marine  
  112  7:47  Marine  
  112  7:48  Marauder, Command Center  
  113  7:55  SCV x2  
  113  7:58  Marine  
  107  7:59  Marine  
  107  8:04  Siege Tank  
  107  8:05  Marauder x2  
  105  8:07  SCV  
  106  8:16  SCV  
  106  8:18  Marauder, Marine  
  106  8:19  SCV  
  111  8:21  Marine x2  
  111  8:25  Marine  
  111  8:26  Marine, Marauder  
  117  8:32  Medivac x2  
  121  8:34  SCV  
  121  8:35  SCV  
  123  8:47  SCV  
  122  8:48  Engineering Bay  
  122  8:49  Armory  
  122  8:50  Supply Depot  
  120  8:57  SCV  
  120  9:02  Siege Tank  
  120  9:03  SCV  
  120  9:09  SCV, Factory  
  126  9:10  Marauder x3  
  126  9:11  Concussive Shells  
  126  9:15  SCV  
  129  9:21  SCV  
  129  9:27  Orbital Command  
  129  9:28  SCV  
  129  9:31  Marauder x2  
  133  9:33  SCV  
  133  9:34  Marine  
  135  9:40  SCV  
  135  9:41  Terran Infantry Armor Level 2, Marauder, Terran Infantry Weapons Level 2  
  135  9:42  Terran Vehicle Weapons Level 1  
  135  9:45  Refinery  
  138  9:47  Refinery  
  138  9:53  Factory Tech Lab, Siege Tank  
  138  9:58  Supply Depot  
  138  9:59  Medivac x2  
  145  10:00  Supply Depot  
  145  10:03  Marauder x2  
  148  10:08  Marine  
  148  10:09  Marine, Marauder  
  152  10:19  Supply Depot, Barracks  
  152  10:20  Siege Tank  
  155  10:26  Marauder x2, Marine  
  155  10:27  Marine x2  
  162  10:30  Marauder  
  162  10:41  Siege Tank  
  165  10:47  Marauder x2, Medivac  
  165  10:49  Marine  
  163  10:50  Marine x3  
  163  10:52  Marauder  
  163  10:53  Siege Tank  
  169  11:07  Medivac  
  169  11:09  Barracks Tech Lab, Marauder x2  
  169  11:10  Barracks  
  173  11:17  Medivac, Command Center  
  173  11:18  Siege Tank  
  178  11:26  Marine  
  178  11:27  Marauder  
  181  11:37  Supply Depot  
  181  11:38  Supply Depot  
  181  11:59  Marauder, Marine x2, Siege Tank  
  181  12:00  Marauder x2, Siege Tank  
  181  12:01  Marauder  
  197  12:04  Marine  
  196  12:10  Marine  
  197  12:21  Marauder x2  
  189  12:24  Marauder  
  189  12:25  Marine x2, Marauder  
  189  12:29  Orbital Command  
  188  12:31  Siege Tank  
  188  12:32  Siege Tank  
  158  12:37  Marine x3  
  158  12:39  SCV x2  
  158  12:42  Marauder  
  158  12:43  SCV, Marauder, Marine x2  
  160  12:45  Marauder  
  160  12:46  Marauder  
  164  12:51  SCV  

Tags
 
Add a new tag
Caveats
  • Supply blocks, unpowered buildings, or Contaminate may cause inaccurate times.
  • Supply counts are checked every 10 seconds.